Map: 어스름 탑

Players

CHOONGMAN - Winner!

  • Race: Terran Terran
  • League: Master

LeadTracker

  • Race: Protoss Protoss
  • League: Diamond

VOD

Have the link to the VOD?

Description

Time

  • Played on: Feb. 11, 2016, 4:27 a.m.
  • Length: 24:42
Show
View Real Time Build Order
Export as new Build Order

CHOONGMAN Terran - Winner!

Build Orders: MMM Bio 

Get SALT Encoding   

  12  0:01  SCV  
  13  0:13  SCV  
  14  0:17  Supply Depot  
  14  0:25  SCV  
  15  0:39  SCV  
  15  0:40  Barracks  
  16  0:45  Refinery  
  16  0:51  SCV  
  17  1:03  SCV  
  18  1:15  SCV  
  19  1:28  Orbital Command  
  19  1:30  Barracks Reactor  
  19  1:41  Command Center  
  19  1:47  Supply Depot  
  19  1:54  SCV  
  20  2:07  Factory, Marine x2  
  22  2:12  SCV  
  23  2:20  Barracks  
  23  2:24  SCV  
  23  2:27  Marine x2  
  26  2:36  SCV  
  27  2:47  Marine x2  
  27  2:48  SCV  
  30  2:51  Factory Tech Lab  
  30  2:52  Barracks  
  30  2:57  Orbital Command  
  30  3:00  SCV  
  31  3:07  Marine x2  
  34  3:13  SCV  
  34  3:15  Cyclone  
  37  3:20  Barracks Tech Lab  
  37  3:21  Refinery  
  37  3:22  SCV  
  38  3:29  SCV  
  38  3:32  Supply Depot  
  39  3:35  SCV  
  39  3:36  Marine x2  
  39  3:40  Barracks Reactor  
  42  3:41  SCV  
  42  3:47  SCV  
  44  3:53  SCV  
  44  3:54  Marine  
  46  3:59  SCV  
  47  4:05  Stimpack, SCV  
  47  4:09  Command Center  
  48  4:11  SCV, Marine  
  48  4:12  Marine  
  51  4:18  SCV  
  51  4:20  Engineering Bay  
  51  4:23  SCV  
  53  4:26  Engineering Bay  
  53  4:31  Siege Tank  
  53  4:33  SCV, Supply Depot  
  53  4:38  Marine x3  
  57  4:40  Marine  
  57  4:41  SCV  
  62  4:50  Supply Depot  
  62  4:52  Terran Infantry Weapons Level 1  
  62  4:55  SCV  
  62  4:56  Refinery x2, SCV  
  62  4:57  Supply Depot  
  64  5:02  Starport  
  64  5:07  Marine x3  
  64  5:08  Marine  
  68  5:15  SCV x2  
  71  5:23  Orbital Command  
  71  5:25  Terran Infantry Armor Level 1  
  71  5:26  Marine x3  
  71  5:28  Marine  
  74  5:33  SCV x2  
  74  5:35  Marine  
  77  5:39  Starport Reactor  
  77  5:42  Barracks  
  77  5:44  Marine  
  77  5:45  SCV x2, Marine  
  81  5:50  Barracks  
  81  5:54  SCV  
  81  5:56  Marine  
  81  5:57  SCV, Marine x2  
  83  6:00  Factory Reactor  
  86  6:05  Combat Shields  
  86  6:08  Armory  
  86  6:09  Supply Depot, Orbital Command  
  86  6:16  Marauder, Marine x2  
  86  6:17  Marine  
  91  6:18  Medivac x2  
  91  6:21  SCV  
  96  6:25  Missile Turret  
  96  6:28  Missile Turret  
  96  6:35  SCV x2  
  96  6:36  Supply Depot  
  96  6:37  Supply Depot  
  96  6:38  SCV  
  99  6:44  Concussive Shells, Barracks Tech Lab  
  99  6:47  SCV x2  
  99  6:48  Medivac  
  99  6:51  SCV  
  99  6:53  Missile Turret  
  104  6:55  Missile Turret  
  104  6:56  Missile Turret  
  104  6:57  Missile Turret  
  104  6:59  SCV x2  
  106  7:02  Medivac  
  108  7:17  Missile Turret, Marauder, Barracks, Marine  
  108  7:19  Barracks  
  108  7:20  Supply Depot  
  111  7:26  Terran Infantry Weapons Level 2, Terran Infantry Armor Level 2  
  111  7:34  SCV x2  
  111  7:35  Marauder x2, Marine  
  118  7:41  Refinery  
  118  7:42  Refinery, Liberator x2  
  115  8:11  Widow Mine x2  
  115  8:12  Marine x2  
  118  8:13  Marauder x3  
  118  8:15  Terran Ship Weapons Level 1, Ghost Academy  
  118  8:18  Marine  
  118  8:19  Marine  
  124  8:20  Supply Depot  
  124  8:21  Barracks Tech Lab x2  
  120  8:30  Marine x2  
  126  8:34  Marauder x3, SCV x3  
  126  8:36  Marine  
  132  8:42  Medivac x2  
  136  8:56  Command Center  
  136  9:00  Sensor Tower  
  136  9:01  Missile Turret  
  136  9:02  Widow Mine x2  
  140  9:03  Personal Cloaking  
  140  9:06  Marauder, Supply Depot  
  140  9:07  Supply Depot, Marauder, Starport  
  140  9:08  Marauder  
  140  9:12  SCV x2  
  140  9:15  Marauder, Marine x2  
  140  9:23  Marauder, Marine x2  
  137  9:31  Liberator x2  
  137  9:36  Marine x2  
  137  9:37  Marauder  
  140  9:40  SCV x3  
  142  9:48  Widow Mine  
  142  9:49  Widow Mine  
  152  9:54  Marauder  
  154  10:01  SCV  
  155  10:13  SCV  
  156  10:17  Starport Tech Lab  
  156  10:20  Fusion Core  
  156  10:21  Marauder x2, Marine x3  
  161  10:25  SCV  
  161  10:26  Planetary Fortress  
  164  10:31  Medivac x2  
  168  10:37  SCV  
  169  10:53  SCV x2  
  169  10:54  Marine x2  
  169  10:55  Missile Turret, Marauder x3, Marine  
  180  11:01  Command Center  
  180  11:10  Liberator  
  180  11:20  Marauder  
  180  11:22  Marauder  
  180  11:23  Marauder  
  178  11:28  Liberator x2  
  178  11:32  Marauder, Marine x2  
  180  11:37  Marauder, Marine  
  168  11:41  Marauder  
  168  11:44  Marine x2  
  168  11:45  Marauder  
  169  11:49  Marine  
  169  11:53  Liberator  
  170  11:59  Marauder x2, Marine  
  167  12:04  Marine  
  167  12:05  Marauder x2, Marine x2  
  167  12:07  Marine  
  161  12:11  Liberator x2  
  164  12:19  Advanced Ballistics, Missile Turret  
  164  12:25  SCV x3  
  173  12:35  Liberator  
  173  12:55  Planetary Fortress  
  172  13:11  Terran Infantry Weapons Level 3, Medivac x2, Refinery, Marauder, Starport  
  172  13:12  Terran Infantry Armor Level 3, Refinery  
  178  13:14  Supply Depot  
  178  13:24  Liberator x2  
  178  13:33  Marine  
  178  13:34  Marauder x2, Marine  
  184  13:35  Widow Mine, Medivac  
  184  13:40  Marauder  
  190  13:43  Terran Ship Weapons Level 2  
  186  14:03  Ghost x3  
  186  14:05  Ghost  
  194  14:12  Nuke, Command Center  
  194  14:17  Starport Reactor  
  165  16:26  Planetary Fortress  
  165  16:27  Liberator  
  158  16:43  Medivac x4  
  158  16:45  Marine  
  158  16:46  Marauder x5, Marine x3  
  181  16:55  Liberator  
  181  16:59  Liberator  
  181  17:00  Liberator x2  
  181  17:03  Marine x2  
  181  17:07  Command Center  
  183  17:10  Command Center, Liberator  
  183  17:11  Sensor Tower  
  183  17:12  Missile Turret  
  183  17:14  Supply Depot  
  183  17:15  Supply Depot x2  
  186  17:16  Supply Depot  
  186  17:19  Refinery  
  195  17:24  Refinery  
  190  17:41  Ghost x3  
  190  17:42  Ghost x2  
  192  18:02  Medivac x3  
  198  18:10  Ghost  
  196  19:18  Medivac x3  
  198  19:50  Liberator x3  
  180  20:07  Battlecruiser  
  180  20:11  Marauder x2, Marine  
  190  20:41  Missile Turret  
  190  20:43  Supply Depot x2  
  190  20:44  Sensor Tower  
  190  20:48  Marauder x2, Marine  
  190  20:49  Medivac  
  176  20:50  Medivac  
  197  20:52  Liberator x2  
  185  21:11  Marauder x2, Marine x3  
  191  21:29  Liberator x2  
  191  21:37  Planetary Fortress  
  181  21:43  Medivac  
  183  21:48  Ghost, Marauder x2  
  183  21:53  Planetary Fortress, Refinery  
  177  22:28  Ghost x5  
  162  22:39  Medivac x4  
  153  22:49  Marine x3  
  153  22:50  Marine  
  153  22:51  Widow Mine x2  
  157  22:56  Ghost  
  157  22:57  Marauder x2, Marine  
  157  22:58  Marauder  
  170  23:05  Refinery  
  170  23:13  Marine x2  
  170  23:14  Marine x2  
  170  23:16  Marauder  
  170  23:18  Marine  
  170  23:19  Marauder  
  179  23:28  Marauder x2  
  179  23:31  Marine x2  
  185  23:45  Marauder, Marine x3  
  190  23:56  Marine x2  
  190  23:57  Marauder x2  
Show
View Real Time Build Order
Export as new Build Order

LeadTracker Protoss 

Build Orders: 1 Gate Expand 

Get SALT Encoding   

  12  0:01  Probe (Chrono Boost)  
  13  0:11  Probe (Chrono Boost)  
  14  0:17  Pylon  
  14  0:22  Probe (Chrono Boost)  
  15  0:35  Probe (Chrono Boost)  
  16  0:37  Gateway  
  16  0:46  Probe (Chrono Boost)  
  16  0:49  Assimilator  
  17  0:57  Probe (Chrono Boost)  
  18  1:07  Probe (Chrono Boost)  
  19  1:21  Nexus  
  19  1:32  Cybernetics Core  
  19  1:35  Probe (Chrono Boost)  
  20  1:44  Assimilator  
  20  1:46  Pylon  
  20  1:49  Probe (Chrono Boost)  
  21  2:00  Probe (Chrono Boost)  
  22  2:09  Warp Gate  
  22  2:10  Adept (Chrono Boost)  
  24  2:17  Probe  
  25  2:28  Robotics Facility  
  25  2:29  Probe (Chrono Boost)  
  26  2:38  Adept  
  26  2:43  Mothership Core (Chrono Boost), Probe (Chrono Boost)  
  31  2:54  Probe (Chrono Boost)  
  31  2:58  Pylon  
  32  3:01  Probe (Chrono Boost)  
  32  3:05  Probe (Chrono Boost)  
  34  3:06  Sentry  
  34  3:12  Probe (Chrono Boost)  
  37  3:15  Probe (Chrono Boost)  
  37  3:16  Observer  
  37  3:19  Gateway  
  39  3:22  Probe (Chrono Boost)  
  39  3:26  Probe (Chrono Boost)  
  41  3:33  Probe (Chrono Boost)  
  42  3:36  Stalker, Probe (Chrono Boost)  
  45  3:42  Observer  
  45  3:45  Probe (Chrono Boost)  
  45  3:47  Probe (Chrono Boost)  
  48  3:49  Gateway  
  48  3:53  Gateway  
  48  4:00  Probe (Chrono Boost)  
  48  4:01  Probe (Chrono Boost)  
  50  4:03  Pylon  
  50  4:11  Observer  
  50  4:14  Probe x2 (Chrono Boost)  
  53  4:17  Pylon  
  53  4:24  Probe x2 (Chrono Boost)  
  53  4:31  Stalker x2  
  57  4:35  Probe x2 (Chrono Boost)  
  57  4:38  Warp Prism  
  63  4:44  Twilight Council  
  65  4:45  Probe x2 (Chrono Boost)  
  65  4:48  Forge  
  65  4:50  Pylon  
  65  4:56  Assimilator, Probe x2 (Chrono Boost)  
  67  5:00  Assimilator, Adept  
  69  5:12  Protoss Ground Weapons Level 1  
  69  5:20  Nexus  
  69  5:22  Pylon x2  
  69  5:27  Resonating Glaives (Chrono Boost)  
  69  5:31  Stalker  
  69  5:33  Stalker  
  73  5:39  Immortal  
  73  5:41  Probe  
  78  5:52  Gateway  
  78  5:56  Gateway  
  78  5:59  Gateway  
  78  6:00  Gateway  
  78  6:07  Pylon  
  78  6:16  Photon Cannon  
  78  6:19  Pylon  
  78  6:20  Adept x3  
  78  6:24  Adept  
  86  6:30  Probe  
  87  6:35  Photon Cannon  
  87  6:37  Photon Cannon  
  87  6:44  Photon Cannon  
  87  6:51  Photon Cannon  
  87  6:53  Photon Cannon  
  87  6:54  Observer  
  88  6:58  Sentry x2  
  92  7:04  Templar Archives  
  92  7:05  Pylon  
  92  7:08  Probe  
  92  7:09  Probe x2  
  92  7:11  Photon Cannon  
  95  7:19  Probe  
  95  7:21  Photon Cannon, Probe  
  97  7:29  Photon Cannon  
  97  7:32  Photon Cannon  
  97  7:35  Photon Cannon, Pylon  
  97  7:36  Probe x3  
  99  7:43  High Templar x4  
  108  7:48  Probe  
  108  7:49  Probe  
  107  8:04  Adept  
  107  8:05  Adept x3  
  112  8:08  Protoss Ground Weapons Level 2  
  112  8:12  Probe  
  106  8:13  Probe x2  
  106  8:18  Adept x2  
  106  8:19  Adept x2  
  117  8:25  Probe  
  118  8:31  Forge  
  118  8:33  Pylon  
  118  8:35  Probe, Blink (Chrono Boost)  
  118  8:40  Probe  
  119  8:41  Probe  
  119  8:47  Photon Cannon, Probe  
  120  8:51  High Templar x2  
  120  8:52  Adept x2  
  128  8:59  Probe  
  128  9:00  Probe  
  128  9:01  Probe  
  129  9:13  Probe x2  
  131  9:19  Adept x6  
  131  9:20  Probe  
  144  9:24  Assimilator  
  144  9:30  Assimilator  
  138  9:43  High Templar x3  
  142  9:45  Zealot x2  
  142  9:46  Zealot  
  142  9:48  Archon  
  148  9:55  Archon  
  148  9:57  Probe  
  149  10:11  Nexus  
  149  10:14  Pylon  
  149  10:18  Pylon  
  149  10:19  Pylon  
  149  10:21  Photon Cannon  
  149  10:27  Pylon  
  149  10:31  Photon Cannon  
  149  10:34  Pylon x2, High Templar x2  
  153  10:35  Stalker x2  
  153  10:36  Stalker x4  
  165  10:49  Probe x3  
  167  10:56  Photon Cannon  
  168  10:57  Photon Cannon  
  168  10:59  Probe  
  168  11:00  Photon Cannon  
  168  11:01  Probe  
  170  11:10  Probe  
  170  11:11  Probe  
  171  11:13  Photon Cannon  
  148  11:25  Adept  
  148  11:26  Adept x7  
  150  11:49  Stalker x7  
  150  11:52  Stalker  
  150  11:53  Stalker x7  
  166  12:05  Psionic Storm  
  158  12:08  Probe  
  158  12:10  Probe  
  158  12:11  Probe  
  161  12:20  Pylon  
  161  12:21  High Templar x6  
  173  12:25  Archon x2  
  173  12:26  Archon  
  173  12:27  Adept  
  173  12:28  Adept  
  177  12:32  Nexus  
  177  12:33  Pylon  
  173  12:52  Adept x2  
  173  12:53  Adept x3  
  173  12:54  Adept x3  
  183  13:13  Warp Prism  
  183  13:14  Protoss Ground Weapons Level 3 (Chrono Boost)  
  183  13:15  Protoss Ground Armor Level 1 (Chrono Boost)  
  183  13:17  Nexus  
  183  13:19  Pylon  
  185  13:20  Pylon  
  185  13:24  High Templar  
  185  13:26  Adept  
  182  13:44  Pylon  
  182  13:47  Pylon  
  182  13:48  Pylon  
  182  14:06  Nexus  
  182  14:07  Pylon  
  182  14:10  Pylon  
  182  14:18  Nexus  
  182  14:27  Warp Prism  
  182  14:29  Pylon  
  182  14:30  Pylon  
  184  14:33  Pylon  
  184  14:35  High Templar  
  184  14:36  High Templar  
  184  14:38  High Templar  
  190  14:41  Pylon  
  188  14:55  Dark Shrine  
  188  15:03  Stalker x5  
  198  15:11  Archon  
  193  15:25  Stalker x2  
  188  16:02  High Templar x6  
  189  16:22  Nexus  
  189  16:45  Zealot  
  189  16:46  Zealot x3  
  189  17:02  Zealot  
  189  17:05  High Templar  
  189  17:06  High Templar  
  195  17:09  Archon  
  189  17:30  Cybernetics Core  
  175  17:49  High Templar  
  175  17:50  High Templar x5  
  171  18:25  Nexus  
  171  18:27  Archon x3  
  169  19:27  Stalker x7  
  147  20:04  Stalker x3  
  147  20:06  High Templar  
  149  20:33  High Templar  
  149  20:34  Zealot x3  
  157  20:54  Pylon  
  157  20:56  Pylon  
  153  20:58  Assimilator  
  153  21:03  Assimilator  
  149  21:23  Pylon  
  149  21:24  Gateway, Pylon  
  149  21:25  Gateway  
  148  21:26  Gateway  
  148  21:30  Gateway  
  148  21:32  Gateway  
  148  21:34  Gateway  
  142  21:47  Gateway  
  142  21:48  Gateway  
  142  21:51  Stargate  
  142  21:52  Stargate  
  142  21:54  Stargate  
  142  22:00  Stalker x3  
  146  22:27  Archon  
  146  22:28  Archon  
  82  22:52  Fleet Beacon  
Tags
 
Add a new tag
Caveats
  • Supply blocks, unpowered buildings, or Contaminate may cause inaccurate times.
  • Supply counts are checked every 10 seconds.